AoeStats
← VitoPedroPiranha

Arabia

510147537Analyzed
2v2 RM · 3d ago on Sep 29, 2026· 32m 50s· 4 players
Game mode
Random Map
Map size
Medium (4 player)
Population
200
Speed
Normal
Resources
Standard
Victory
Conquest
Starting age
Dark Age
Ending age
Imperial Age
RankedLock teamsTeams togetherTeam positionsShared explorationLock speedFull tech treeHidden civsTurbo modeCheats
Victory
Defeat
🇺🇾 Berbers · Uruguay
991
+15
🇺🇾 Vietnamese · Uruguay
980
+15
🇨🇴 Ethiopians · Colombia
987
-16
🇨🇴 Byzantines · Colombia
949
-14
FELIPE41
0:39 Loom
10:19 Feudal Age
19:16 Castle Age
18:00 Forging
17:55 Scale Barding Armor
17:59 Double-Bit Axe
18:16 Horse Collar
20:40 Wheelbarrow
19:59 Stone Mining
20:01 Gold Mining
22:00 Stone Shaft Mining
22:30 Husbandry
24:05 Heavy Plow
24:18 Bow Saw
25:32 Hand Cart
26:33 Pikeman
27:13 Squires
27:30 Scale Mail Armor
29:24 Iron Casting
29:05 Chain Mail Armor
31:29 Scale Barding Armor
32:42 Chain Barding Armor
35:01 Imperial Age
ZEJER
3:40 Loom
10:51 Feudal Age
11:17 Double-Bit Axe
22:37 Castle Age
20:48 Fletching
23:18 Bodkin Arrow
22:45 Crossbowman
23:34 Thumb Ring
VitoPedroPiranha
0:27 Loom
11:32 Feudal Age
12:04 Double-Bit Axe
18:34 Gold Mining
18:26 Horse Collar
22:19 Castle Age
21:18 Bloodlines
23:04 Husbandry
23:40 Forging
23:36 Scale Barding Armor
24:59 Iron Casting
25:25 Gold Shaft Mining
25:08 Bow Saw
25:50 Wheelbarrow
28:58 Chain Barding Armor
elgs
7:08 Loom
11:54 Feudal Age
12:55 Double-Bit Axe
13:40 Padded Archer Armor
13:33 Fletching
14:51 Padded Archer Armor
14:42 Horse Collar
17:14 Wheelbarrow
22:46 Castle Age
21:51 Gold Mining
24:09 Bow Saw
23:37 Crossbowman
24:55 Thumb Ring
25:43 Bodkin Arrow
26:32 Bloodlines
29:06 Ballistics
30:38 Leather Archer Armor
30:18 Town Watch
30:51 Hand Cart
Connection lost

Rejoining the realm…

Still unreachable

The connection could not be restored.

Session expired

The server has moved on; the page needs a fresh start.